 Dungeon Sprint DCSS version 0.31.0 (webtiles) character file.

Game seed: 2353400740992518315

53803 Groucho the End of an Era (level 14, -6/151 HPs)
             Began as a Naga Fighter on Jan 19, 2024.
             Was the Champion of Qazlal.
             Mangled by Mennas
             ... wielding a +3 trishula of holy wrath
              (19 damage)
             ... in the Dungeon (Sprint VII: "The Pits").
             The game lasted 00:18:44 (8578 turns).

Groucho the End of an Era (Naga Fighter)            Turns: 8578, Time: 00:18:44

Health: -6/151     AC: 27    Str: 25    XL:     14   Next: 70%
Magic:  16/29      EV: 11    Int:  8    God:    Qazlal [******]
Gold:   8          SH: 15    Dex: 10    Spells: 13/13 levels left

rFire   . . .        E - +5 broad axe
rCold   . . .        c - +0 buckler
rNeg    + . .        D - +5 pearl dragon scales of the Telling Gods {rPois rN+ Will+ rCorr}
rPois   +            t - +2 hat
rElec   .            (no cloak)
rCorr   +            p - +0 pair of gloves
SInv    +            (no barding)
Will    ++...        (no amulet) Stlth
                     (no ring)
HPRegen 0.45/turn    (no ring)
MPRegen 0.21/turn

%: no teleportation, repel missiles
@: protected from physical damage, hasted, glowing, quick
A: AC +4, large, see invisible, deformed body, poison resistance, slowness 2,
spit poison 1, naga tail 2
a: Spit Poison, Renounce Religion, Upheaval, Elemental Force, Disaster Area


You were in the Dungeon.
You worshipped Qazlal.
Qazlal was exalted by your worship.
You visited 1 branch You collected 8 gold pieces.

Inventory:

Hand Weapons
 E - a +5 broad axe (weapon)
Missiles
 o - 19 stones
 u - 6 javelins
Armour
 a - +2 gold dragon scales
 c - a +0 buckler (worn)
 p - a +0 pair of gloves (worn)
 t - a +2 hat (worn)
 D - the +5 pearl dragon scales of the Telling Gods (worn) {rPois rN+ Will+ rCorr}
   (You found it in the Dungeon)

   rPois:     It protects you from poison rN+: It protects you from negative
   energy.
   Will+:     It increases your willpower.
   rCorr:     It protects you from acid and corrosion.
Jewellery
 b - a +3 ring of strength
 j - a +5 ring of evasion
 q - a +3 ring of intelligence
 B - a ring of positive energy
Wands
 F - a wand of flame (3)
Scrolls
 l - 2 scrolls of vulnerability
 m - 5 scrolls of amnesia
 n - a scroll of summoning
 v - 2 scrolls of enchant armour
 w - 2 scrolls of enchant weapon
 x - a scroll of fog
 y - 2 scrolls of identify
 A - a scroll of fear
 C - a scroll of revelation
Potions
 d - a potion of might
 e - 5 potions of curing
 f - a potion of heal wounds
 g - 2 potions of haste
 h - 3 potions of magic
 i - 3 potions of berserk rage
 k - 2 potions of invisibility
 r - 2 potions of mutation
 s - a potion of brilliance
 z - a potion of resistance


   Skills:
 + Level 16.5 Fighting
 - Level 14.0(14.9) Axes
 + Level 8.9(12.5) Maces & Flails
 + Level 13.7 Armour
 + Level 12.8 Dodging
 + Level 14.8 Shields
 * Level 23.4 Invocations


You had 13 spell levels left.
You didn't know any spells.
Your spell library contained the following spells:

 Spells                   Type           Power      Damage    Failure   Level
 Sandblast                Erth           0%         2d4       71%         1
 Dazzling Flash           Conj/Hex       0%         N/A       97%         3
 Passwall                 Erth           0%         N/A       97%         3
 Stone Arrow              Conj/Erth      0%         3d7       97%         3
 Volatile Blastmotes      Fire/Tloc      0%         2d10      97%         3
 Brom's Barrelling Bould  Conj/Erth      0%         2d3       100%        4
 Manifold Assault         Tloc           0%         N/A       100%        4
 Dispersal                Tloc           0%         N/A       100%        6
 Starburst                Conj/Fire      0%         6d3       100%        6
 Disjunction              Tloc           0%         N/A       100%        8
 Maxwell's Capacitive Co  Air            0%         ∞         100%        8


Dungeon Overview and Level Annotations

Branches:
Dungeon (1/1)

Altars:
Ashenzari
Cheibriados
Dithmenos
Elyvilon
Fedhas
Gozag
Hepliaklqana
Kikubaaqudgha
Makhleb
Nemelex Xobeh
Okawaru
Qazlal
Ru
Sif Muna
Trog
Uskayaw
Vehumet
Wu Jian
Xom
Yredelemnul
Zin
The Shining One
Jiyva
Lugonu

Annotations:
D Mennas


Innate Abilities, Weirdness & Mutations

Your serpentine skin is tough. (AC +4)
You have supernaturally acute eyesight. (SInv)
Armour fits poorly on your strangely shaped body.
Your system is resistant to poisons. (rPois)
You cover ground very slowly.
You can spit poison.
You can use your snake-like lower body to constrict enemies.


Message History

Mennas hits you with a +3 trishula of holy wrath!
* * * LOW HITPOINT WARNING * * *
You block the troll's attack. The troll claws you but does no damage.
You block the troll's attack.
The deep elf high priest invokes the aid of its god against you.
Something smites you!
* * * LOW HITPOINT WARNING * * *
You feel much better.
The orc priest is no longer petrified.
Mennas becomes audible again.
Mennas gestures frantically.
Mennas is healed somewhat.
The hell beast is engulfed in freezing vapours.
Mennas gestures frantically.
You resist with almost no effort.
Unknown command.
You feel yourself speed up.
You have got your breath back.
Mennas closely misses you. You block Mennas's attack.
Unknown command.
Unknown command.
Mennas hits you but does no damage. You block Mennas's attack. x2
Mennas hits you from afar with a +3 trishula of holy wrath!
* * * LOW HITPOINT WARNING * * *
You feel more protected from physical attacks.
The nagaraja is engulfed in freezing vapours.
The nagaraja spits poison at you.
The splash of poison is repelled.
Okay, then.
As you read the scroll of fear, it crumbles to dust.
You assume a fearsome visage.
The nagaraja resists with almost no effort.
The deep elf high priest looks frightened!
The yaktaur captain looks frightened!
The orc looks frightened!
The orc warrior looks frightened!
The orc priest looks frightened!
The hell beast looks frightened!
Mennas resists with almost no effort.
Mennas hits you from afar with a +3 trishula of holy wrath!!
* * * LOW HITPOINT WARNING * * *
You feel more protected from physical attacks.
Mennas hits you from afar with a +3 trishula of holy wrath!!
You die...

. ..... ≈. ..... #.. ...
#.≈≈##...### .#.#.o#.#..#
)).oe.2c...# #o)#N#○.#
##A.°########++##
#...@).##........
#.○..°○##........
#..).☼.''..#....#..#
#......''..........#
#########..........#
#####################..#....#..#
...................''..........#
...................''..........#
.################..##..#....#..#


You could see Mennas, a hell beast (fleeing), a nagaraja (catching breath), a
yaktaur captain (fleeing), a deep elf high priest (fleeing), an orc warrior
(fleeing), an orc priest (fleeing) and an orc (fleeing).

Vanquished Creatures
  Saint Roka (D)
  A death cob (D)
  2 emperor scorpions (D)
  A nagaraja (D)
  A frost giant (D)
  A daeva (D)
  A deep elf sorcerer (D)
  2 orc warlords (D)
  2 vampire knights (D)
  A lorocyproca (D)
  A green death (D)
  2 deep elf high priests (D)
  A fire dragon (D)
  2 vault guards (D)
  A hydra (D)
  An ice dragon (D)
  A catoblepas (D)
  3 anacondas (D)
  A death knight (D)
  A death yak (D)
  3 naga warriors (D)
  A demonic crawler (D)
  A deep troll earth mage (D)
  An occultist (D)
  A deep troll shaman (D)
  2 sun demons (D)
  Urug (D)
  3 deep elf knights (D)
  2 soul eaters (D)
  2 skeletal warriors (D)
  3 deep trolls (D)
  A bog body (D)
  A large abomination (D)
  A phantasmal warrior (D)
  2 swamp dragons (D)
  A wolf spider (D)
  11 orc knights (D)
  An ugly thing (D)
  3 manticores (D)
  A cyclops (D)
  A salamander (D)
  An elephant (D)
  A merfolk siren (D)
  A naga mage (D)
  An eye of devastation (D)
  An orange demon (D)
  A cane toad (D)
  A rime drake (D)
  An unseen horror (D)
  2 ice devils (D)
  A yaktaur (D)
  A komodo dragon (D)
  A red devil (D)
  A wind drake (D)
  2 hellwings (D)
  A merfolk (D)
  A hornet (D)
  A tyrant leech (D)
  2 tarantellas (D)
  4 dream sheep (D)
  A jumping spider (D)
  5 slime creatures (D)
  3 yaks (D)
  4 vampires (D)
  A wyvern (D)
  A ynoxinul (D)
  A fire bat (D)
  A steam dragon (D)
  A warg (D)
  A fire elemental (D)
  A redback (D)
  A neqoxec (D)
  2 chaos spawn (D)
  4 vampire mosquitoes (D)
  3 nagas (D)
  A water moccasin (D)
  2 sky beasts (D)
  2 orc warriors (D)
  3 crocodiles (D)
  3 ice beasts (D)
  A small abomination (D)
  8 wolves (D)
  2 centaurs (D)
  A scorpion (D)
  3 wights (D)
  A crimson imp (D)
  3 orc priests (D)
  An iron imp (D)
  A hell rat (D)
  2 orc wizards (D)
  A gnoll (D)
  An ufetubus (D)
  A dart slug (D)
  9 orcs (D)
  2 endoplasms (D)
  A giant cockroach (D)
  A goblin (D)
  2 hobgoblins (D)
  8 jackals (D)
  2 kobolds (D)
  A ball python (D)
  A bat (D)
  A bat simulacrum (D)
  A giant cockroach zombie (D)
  A quokka simulacrum (D)
192 creatures vanquished.

Notes
Turn   | Place    | Note
-------+----------+-------------------------------------------
     0 | D        | Groucho the Naga Fighter began the quest for the Orb.
     0 | D        | Reached XP level 1. HP: 21/21 MP: 1/1
    53 | D        | Found a bloodstained altar of Trog.
    53 | D        | Found a shimmering blue altar of Sif Muna.
    53 | D        | Found a viscous altar of Jiyva.
    53 | D        | Found a hazy altar of Hepliaklqana.
    53 | D        | Found an opulent altar of Gozag.
    54 | D        | Found a glowing golden altar of the Shining One.
    54 | D        | Found a glowing silver altar of Zin.
    54 | D        | Found a basalt altar of Yredelemnul.
    54 | D        | Found a shimmering altar of Xom.
    54 | D        | Found an ornate altar of the Wu Jian Council.
    54 | D        | Found a sacrificial altar of Ru.
    54 | D        | Found a stormy altar of Qazlal.
    54 | D        | Found an iron altar of Okawaru.
    54 | D        | Found a sparkling altar of Nemelex Xobeh.
    54 | D        | Found a burning altar of Makhleb.
    54 | D        | Found a blossoming altar of Fedhas.
    54 | D        | Found a white marble altar of Elyvilon.
    54 | D        | Found a shadowy altar of Dithmenos.
    54 | D        | Found a snail-covered altar of Cheibriados.
    56 | D        | Found a corrupted altar of Lugonu.
    56 | D        | Found a radiant altar of Vehumet.
    57 | D        | Found an ancient bone altar of Kikubaaqudgha.
    57 | D        | Found a hide-covered altar of Uskayaw.
    57 | D        | Found a broken altar of Ashenzari.
    60 | D        | Became a worshipper of Qazlal Stormbringer
    69 | D        | Noticed a scorpion
    78 | D        | Killed a scorpion
    79 | D        | Reached skill level 4 in Invocations
    79 | D        | Reached XP level 2. HP: 15/30 MP: 1/5
    79 | D        | Reached XP level 3. HP: 18/36 MP: 1/6
   439 | D        | Reached XP level 4. HP: 40/44 MP: 7/7
   449 | D        | Reached * piety under Qazlal
   761 | D        | Reached ** piety under Qazlal
   802 | D        | Reached *** piety under Qazlal
   803 | D        | Reached skill level 5 in Invocations
   864 | D        | Noticed a crocodile
   864 | D        | Noticed an ice beast
   896 | D        | Killed a crocodile
   897 | D        | Reached skill level 5 in Fighting
   897 | D        | Reached skill level 5 in Axes
   897 | D        | Reached skill level 7 in Invocations
   897 | D        | Reached XP level 5. HP: 32/52 MP: 8/10
   902 | D        | Killed an ice beast
   903 | D        | Reached skill level 5 in Shields
   903 | D        | Reached skill level 8 in Invocations
   903 | D        | Reached XP level 6. HP: 23/62 MP: 8/12
   904 | D        | Reached **** piety under Qazlal
  1325 | D        | Noticed a fire elemental
  1336 | D        | Killed a fire elemental
  1337 | D        | Reached skill level 5 in Armour
  1337 | D        | Reached skill level 1 in Dodging
  1762 | D        | Noticed a sky beast
  1764 | D        | Reached skill level 9 in Invocations
  1764 | D        | Reached XP level 7. HP: 70/70 MP: 9/13
  1765 | D        | Reached ***** piety under Qazlal
  2072 | D        | Noticed a phantasmal warrior
  2073 | D        | Noticed a merfolk
  2077 | D        | Killed a merfolk
  2078 | D        | Reached skill level 10 in Invocations
  2078 | D        | Killed a phantasmal warrior
  2079 | D        | Reached skill level 11 in Invocations
  2079 | D        | Reached XP level 8. HP: 75/81 MP: 2/16
  2380 | D        | Noticed a dream sheep
  2380 | D        | Noticed a dream sheep
  2380 | D        | Noticed a dream sheep
  2380 | D        | Noticed a dream sheep
  2382 | D        | Killed a dream sheep
  2382 | D        | Killed a dream sheep
  2383 | D        | Reached XP level 9. HP: 85/90 MP: 13/17
  2384 | D        | Reached skill level 12 in Invocations
  2907 | D        | Reached skill level 5 in Dodging
  2956 | D        | Noticed a tarantella
  2956 | D        | Noticed an ice devil
  2958 | D        | Killed a tarantella
  2959 | D        | Reached skill level 13 in Invocations
  2968 | D        | Killed an ice devil
  3356 | D        | Noticed an ice devil
  3357 | D        | Reached ****** piety under Qazlal
  3357 | D        | Killed an ice devil
  3358 | D        | Reached XP level 10. HP: 88/99 MP: 15/20
  3641 | D        | Noticed an orange demon
  3643 | D        | Killed an orange demon
  3947 | D        | Noticed a demonic crawler
  3949 | D        | Noticed a manticore
  3950 | D        | Killed a manticore
  3951 | D        | Reached skill level 10 in Fighting
  3951 | D        | Reached skill level 14 in Invocations
  3976 | D        | Killed a demonic crawler
  3977 | D        | Reached skill level 10 in Axes
  4403 | D        | Noticed Urug
  4405 | D        | Noticed a deep elf high priest
  4405 | D        | Noticed a swamp dragon
  4406 | D        | Killed Urug
  4406 | D        | Killed a deep elf high priest
  4407 | D        | Reached skill level 15 in Invocations
  4407 | D        | Reached XP level 11. HP: 94/110 MP: 4/22
  4413 | D        | Killed a swamp dragon
  4734 | D        | Noticed a cyclops
  4736 | D        | Killed a cyclops
  4736 | D        | Noticed a deep elf knight
  4737 | D        | Reached skill level 10 in Shields
  4738 | D        | Noticed a bog body
  4738 | D        | Noticed a salamander
  4739 | D        | Reached skill level 16 in Invocations
  4739 | D        | Killed a salamander
  4741 | D        | Killed a deep elf knight
  4741 | D        | Killed a bog body
  4746 | D        | Reached skill level 17 in Invocations
  5087 | D        | Reached skill level 10 in Armour
  5125 | D        | Reached XP level 12. HP: 91/122 MP: 24/24
  5496 | D        | Noticed an anaconda
  5510 | D        | Killed an anaconda
  6034 | D        | Noticed a sun demon
  6035 | D        | Noticed an orc warlord
  6035 | D        | Noticed an orc warlord
  6037 | D        | Reached skill level 18 in Invocations
  6043 | D        | Killed an orc warlord
  6051 | D        | Killed a sun demon
  6051 | D        | Killed an orc warlord
  6480 | D        | Noticed a naga warrior
  6483 | D        | Noticed a naga warrior
  6492 | D        | Noticed a vault guard
  6495 | D        | Killed a naga warrior
  6496 | D        | Reached skill level 19 in Invocations
  6496 | D        | Killed a naga warrior
  6496 | D        | Killed a vault guard
  6497 | D        | Reached skill level 10 in Dodging
  6502 | D        | Noticed a deep elf knight
  6503 | D        | Killed a deep elf knight
  6591 | D        | Gained mutation: You can use your snake-like lower body to
                  | constrict enemies. [Naga growth]
  6591 | D        | Reached XP level 13. HP: 113/134 MP: 19/26
  6878 | D        | Noticed a vault guard
  6882 | D        | Killed a vault guard
  6888 | D        | Reached skill level 20 in Invocations
  7302 | D        | Got the +5 pearl dragon scales of the Telling Gods {rPois
                  | rN+ Will+ rCorr}
  7486 | D        | Noticed a deep elf sorcerer
  7486 | D        | Noticed a lorocyproca
  7486 | D        | Noticed a nagaraja
  7487 | D        | Killed a nagaraja
  7488 | D        | Reached skill level 1 in Maces & Flails
  7488 | D        | Killed a deep elf sorcerer
  7495 | D        | Killed a lorocyproca
  7858 | D        | Noticed a green death
  7862 | D        | Killed a green death
  7862 | D        | Noticed a fire dragon
  7863 | D        | Reached skill level 21 in Invocations
  7864 | D        | Reached skill level 15 in Fighting
  7864 | D        | Killed a fire dragon
  7866 | D        | Noticed a vampire knight
  7869 | D        | Killed a vampire knight
  7870 | D        | Reached skill level 5 in Maces & Flails
  7874 | D        | Reached XP level 14. HP: 90/147 MP: 5/28
  7874 | D        | Noticed a vampire knight
  7883 | D        | Killed a vampire knight
  7916 | D        | Reached skill level 22 in Invocations
  8063 | D        | Noticed a frost giant
  8064 | D        | Noticed a daeva
  8066 | D        | Noticed a death cob
  8067 | D        | Killed a daeva
  8067 | D        | Killed a frost giant
  8081 | D        | Killed a death cob
  8542 | D        | Noticed an emperor scorpion
  8543 | D        | Noticed Saint Roka
  8544 | D        | Noticed an emperor scorpion
  8546 | D        | Killed an emperor scorpion
  8546 | D        | Killed an emperor scorpion
  8546 | D        | Noticed Mennas
  8547 | D        | Reached skill level 23 in Invocations
  8548 | D        | Noticed a green draconian
  8560 | D        | Noticed a nagaraja
  8562 | D        | Killed Saint Roka
  8578 | D        | Mangled by Mennas

Illustrated notes

Levels and vault maps discovered:
D:        pitsprint [storerooms_1, entrance_room_1, metal_vault_6, armoury_2,
          mini_pit_1, grid_room_1, main_hall_1, silver_pit, the_coven_1,
          the_vestibule_1, steel_vault_4, golden_pit, hallway_of_sentries,
          crystal_vault_6, iron_vault_1, final_vault]

Skill      XL: |  1  2  3  4  5  6  7  8  9 10 11 12 13 14 |
---------------+-------------------------------------------+-----
Fighting       | 4 5 6 8 9 10 12 13 15 16 | 16.5
Axes           | 3 5 6 7 8 9 10 12 13 14 | 14.0
Armour         | 3 4 5 6 7 8 10 11 12 13 | 13.7
Shields        | 3 4 5 7 8 9 11 12 13 14 | 14.8
Invocations    | 4 7 8 9 11 13 15 17 19 21 23 | 23.4
Dodging        | 1 3 4 5 7 8 10 11 12 | 12.8
Maces & Flails | 5 8 |  8.9

Action                     |  1- 3 |  4- 6 |  7- 9 | 10-12 | 13-15 || total
---------------------------+-------+-------+-------+-------+-------++-------
  Melee: Hand axe          |     8 |    87 |    20 |    35 |       ||   150
         War axe           |     3 |       |       |       |       ||     3
         Broad axe         |       |       |       |    54 |    83 ||   137
         Constrict         |       |       |       |       |    13 ||    13
 Invoke: Upheaval          |       |     3 |    15 |    29 |    21 ||    68
         Disaster Area     |       |       |       |     7 |     5 ||    12
Ability: Spit Poison       |       |       |       |       |     1 ||     1
    Use: Potion            |     3 |     3 |       |     2 |    18 ||    26
         Scroll            |       |       |       |     3 |     2 ||     5
   Stab: Petrified         |       |       |       |       |     3 ||     3
         Petrifying        |       |       |       |       |     1 ||     1
 Armour: Scale mail        |    16 |    28 |       |       |       ||    44
         Chain mail        |       |    32 |    20 |    96 |       ||   148
         Plate armour      |       |       |       |     1 |       ||     1
         Pearl dragon scal |       |       |       |       |   140 ||   140
  Dodge: Dodged            |     8 |    19 |     5 |    24 |    56 ||   112
         Repelled          |       |       |       |     2 |     1 ||     3
  Block: Buckler           |     2 |    34 |    15 |    68 |   117 ||   236
